 Dungeon Crawl Stone Soup version 0.19-a0-1100-g56b2fe9 (webtiles) character file.

66 JeffiDaFish the Firebug (level 3, -3/26 HPs)
             Began as a Draconian Fire Elementalist on Aug 8, 2016.
             Killed by divine providence
             ... invoked by an orc priest
              (15 damage)
             ... on level 3 of the Dungeon.
             The game lasted 00:12:08 (1852 turns).

JeffiDaFish the Firebug (DrFE)                      Turns: 1852, Time: 00:12:08

Health: -3/26      AC:  5    Str: 10    XL:     3   Next: 96%
Magic:  5/6        EV: 12    Int: 16    God:
Gold:   112        SH:  0    Dex: 11    Spells: 2 memorised, 3 levels left

rFire  . . .     SeeInvis .     k - +0 spear
rCold  . . .     Gourm    .     (armour unavailable)
rNeg   . . .     Faith    .     (no shield)
rPois  .         Spirit   .     (helmet restricted)
rElec  .         Dismiss  .     (no cloak)
rCorr  .         Reflect  .     (no gloves)
SustAt .         Harm     .     (no boots)
MR     .....                    c - amulet of regeneration
Stlth  ++........               (no ring)
                                (no ring)

@:
A: unfitting armour, cold-blooded, AC +5
a: no special abilities


You were on level 3 of the Dungeon.
You were not hungry.

You visited 1 branch of the dungeon, and saw 3 of its levels.

You collected 112 gold pieces.

Inventory:

Hand Weapons
 f - a +1 short sword of draining
 i - a +1 short sword
 k - a +0 spear (weapon)
Jewellery
 c - an amulet of regeneration (around neck)
Scrolls
 e - 2 scrolls of identify
 h - a scroll of remove curse
 n - a scroll of fog
Potions
 g - a potion of invisibility
Books
 a - a book of Flames

   Spells                             Type                      Level
   a - Flame Tongue                   Conjuration/Fire             1
   b - Throw Flame                    Conjuration/Fire             2
   c - Conjure Flame                  Conjuration/Fire             3
   d - Inner Flame                    Hexes/Fire                   3
   e - Sticky Flame                   Conjuration/Fire             4
   f - Fireball                       Conjuration/Fire             5
Comestibles
 b - a bread ration
 j - a beef jerky
 l - 6 chunks of flesh
 m - a meat ration


   Skills:
 + Level 0.6 Short Blades
 + Level 0.2 Polearms
 + Level 2.3 Dodging
 + Level 2.2 Stealth
 + Level 0.6 Unarmed Combat
 + Level 2.2 Spellcasting
 + Level 1.3 Conjurations
 + Level 3.6 Fire Magic


You had 3 spell levels left.
You knew the following spells:

 Your Spells              Type           Power        Failure   Level  Hunger
a - Flame Tongue          Conj/Fire      #....        10%         1    #......
b - Throw Flame           Conj/Fire      #.....       12%         2    ###....


Dungeon Overview and Level Annotations

Branches:
Dungeon (3/15)

Altars:
Nemelex Xobeh


Innate Abilities, Weirdness & Mutations

Your plain brown scales are hard. (AC +5)
Your body does not fit into most forms of armour.
You are cold-blooded and may be slowed by cold attacks.


Message History

The orc closely misses you.
You hit the orc.
The orc is heavily wounded.
The orc hits you with a short sword.
You barely miss the orc.
The orc is heavily wounded.
The orc misses you.
You barely miss the orc.
The orc is heavily wounded.
The orc barely misses you.
You hit the orc.
The orc is almost dead.
The orc priest calls down the wrath of Beogh upon you.
Beogh smites you! The orc hits you but does no damage.
You hit the orc but do no damage.
The orc is almost dead.
The orc priest invokes the aid of Beogh against you.
Beogh smites you!
Ouch! That really hurt!
You die... #### ..# $ ### #.# $$ .. #@# $$P

#. #o# PPP.##.##K#
#.....oo#####
####h..hh...# ..
#..#####.# .#
#..#####.# ..##
##.....##.# .....
#.........#####....#


You could see an orc priest, 2 orcs, 2 jackals and a kobold.

Vanquished Creatures
  2 adders
  2 worms (D:2)
  A dart slug (D:1)
  2 ball pythons
  5 goblins
  8 hobgoblins
  2 jackals (D:3)
  3 bats
  2 giant newts (D:2)
  5 kobolds
  8 rats
40 creatures vanquished.

Notes
Turn   | Place    | Note
-------+----------+-------------------------------------------
     0 | D:1      | JeffiDaFish the Draconian Fire Elementalist began the quest for the Orb.
     0 | D:1      | Reached XP level 1. HP: 14/14 MP: 3/3
   606 | D:1      | Reached XP level 2. HP: 20/20 MP: 3/5
   849 | D:1      | Learned a level 2 spell: Throw Flame
  1170 | D:2      | Found a sparkling altar of Nemelex Xobeh.
  1275 | D:2      | Reached XP level 3. HP: 26/26 MP: 0/6
  1852 | D:3      | Killed from afar by an orc priest

Vault maps used:
D:1:      kennysheep_arrival_seaside
D:2:      nemelex_xobeh_ov_fountains_minmay, corexii_corridor_pit
D:3:      minmay_gold_behind_fungi

Skill      XL: |  1  2  3 |
---------------+----------+-----
Stealth        | 2 |  2.2
Dodging        | 2 |  2.3
Short Blades   | |  0.6
Polearms       | |  0.2
Unarmed Combat | |  0.6
Spellcasting   | |  2.2
Conjurations   | |  1.3
Fire Magic     | |  3.6

Action                   || total
-------------------------++-------
Melee: Unarmed           ||    16
       Short sword       ||    30
       Spear             ||    73
       Tailslap          ||     9
       Punch             ||     1
 Cast: Flame Tongue      ||    34
       Throw Flame       ||     1
  Use: Scroll            ||     8
       Potion            ||     5
 Stab: Sleeping          ||     2
  Eat: Chunk             ||     4
Armor: Skin              ||    29
Dodge: Dodged            ||    79
